 Dungeon Crawl Stone Soup version 0.30.1-3-gfc49f6343a (webtiles) character file.

Game seed: 751547797588117559

1397 spardeous the Conjurer (level 8, 0/84 (85) HPs)
             Began as a Demigod Conjurer on July 29, 2023.
             Slain by a wight
             ... wielding a +5 hand axe
              (5 damage)
             ... on level 6 of the Dungeon.
             The game lasted 00:05:29 (7258 turns).

spardeous the Conjurer (Demigod Conjurer)           Turns: 7258, Time: 00:05:29

HP:   0/84 (85)     AC:  4    Str:  8    XL:     8   Next: 18%
MP:   10/21         EV: 11    Int: 28    God:
Gold: 362           SH:  0    Dex: 18    Spells: 12/19 levels left

rFire   + . .        m - staff of death
rCold   + . .        (no shield)
rNeg    + . .        r - +0 leather armour
rPois   +            u - +0 helmet
rElec   +            (no cloak)
rCorr   +            (no gloves)
SInv    .            (no boots)
Will    +....        (no amulet) Stlth
                     d - +6 ring of dexterity
HPRegen 0.34/turn    v - ring of willpower
MPRegen 0.17/turn

%: no passive effects
@: berserking, resistant, attractive, flying, lightly drained, very quick
A: high MP 1, forlorn, divine attributes
a: no special abilities


You were on level 6 of the Dungeon.
You visited 1 branch of the dungeon, and saw 6 of its levels.

You collected 362 gold pieces.

Inventory:

Hand Weapons
 s - a +1 dagger of speed
Armour
 a - a +0 robe
 r - a +0 leather armour (worn)
 u - a +0 helmet (worn)
Magical Staves
 m - a staff of death (weapon)
Jewellery
 d - a +6 ring of dexterity (left hand)
 v - a ring of willpower (right hand)
Wands
 h - a wand of iceblast (15)
 D - a wand of paralysis (5)
Scrolls
 e - 2 scrolls of butterflies {unknown}
 f - 7 scrolls of identify {unknown}
 g - 6 scrolls of teleportation {unknown}
 i - a scroll of magic mapping {unknown}
 j - a scroll of acquirement {unknown}
 n - a scroll of blinking {unknown}
 t - a scroll of silence {unknown}
 w - a scroll of fog {unknown}
 y - a scroll of brand weapon {unknown}
 B - a scroll of enchant armour {unknown}
 C - a scroll of enchant weapon {unknown}
Potions
 b - a potion of magic
 c - a potion of might {unknown}
 k - a potion of resistance
 l - a potion of attraction
 o - a potion of flight
 q - a potion of curing
 x - a potion of heal wounds {unknown}
 z - a potion of mutation {unknown}
 A - a potion of lignification {unknown}


   Skills:
 - Level 1.7 Dodging
 - Level 1.7 Stealth
 + Level 6.3 Spellcasting
 + Level 7.7 Conjurations


You had 12 spell levels left.
You knew the following spells:

 Your Spells              Type           Power      Damage    Failure   Level
a - Magic Dart            Conj           100%       1d8       1%          1
b - Searing Ray           Conj           100%       2d8       1%          2
c - Iskenderun's Mystic   Conj/Tloc      30%        2d8       17%         4

Your spell library contained the following spells:

 Spells                   Type           Power      Damage    Failure   Level
 Momentum Strike          Conj/Tloc      60%        3d9       2%          2
 Dazzling Flash           Conj/Hex       60%        N/A       5%          3
 Blink                    Tloc           16%        N/A       13%         2
 Ensorcelled Hibernation  Hex/Ice        16%        N/A       13%         2
 Lesser Beckoning         Tloc           16%        N/A       13%         2
 Passwall                 Tmut/Erth      6%         N/A       13%         2
 Fulminant Prism          Conj/Hex       15%        3d11      17%         4
 Swiftness                Air            8%         N/A       26%         3
 Borgnjor's Revivificati  Necr           6%         N/A       100%        8
 Necromutation            Tmut/Necr      6%         N/A       100%        8
 Death's Door             Necr           6%         N/A       100%        9


Dungeon Overview and Level Annotations

Branches:
Dungeon (6/15)
 Temple: D:4-7

Annotations:
D:4 2 transporters, turdburglar's ghost, amateur DsNe


Innate Abilities, Weirdness & Mutations

You have an increased reservoir of magic. (+10% MP)
You shall have no god before yourself.
Your divine heritage dramatically boosts your attributes as you level up.


Message History

You now have 12/21 mp.
The searing ray misses the wight.
The searing ray hits the wight.
The wight is moderately damaged.
You finish channelling your searing ray.
You now have 11/21 mp.
Casting: Searing Ray (safe; 1% risk of failure)
Confirm with . or Enter, or press ? or * to list all spells.
Aiming: Searing Ray (safe; 1% risk of failure)
Press: ? - help, Shift-Dir - straight line, f - wight
Aim: a wight, wielding a +2 mace and wearing a +0 robe (heavily damaged, 83% to hit)
The searing ray hits the wight.
The wight is heavily damaged. (Press . to maintain the ray.)
The wight hits you with a +2 mace!
* * * LOW HITPOINT WARNING * * *
You take 10 damage, and have 10/57 hp.
You now have 9/21 mp.
Unknown command.
It was a potion of resistance.
You feel protected. The wight closely misses you. The wight barely misses you.
It was a potion of attraction.
You feel attractive to monsters. The wight closely misses you.
The wight barely misses you.
It was a potion of flight.
You feel very buoyant.
You fly up into the air.
The wight barely misses you. The wight hits you with a +2 mace.
* * * LOW HITPOINT WARNING * * *
You take 5 damage, and have 5/57 hp.
It was a potion of curing.
You feel better. The wight closely misses you.
The wight hits you with a +2 mace!
* * * LOW HITPOINT WARNING * * *
You partially resist.
You feel drained.
* * * LOW HITPOINT WARNING * * *
You take 2 damage, and have 3/56 hp.
It was a potion of berserk rage.
A red film seems to cover your vision as you go berserk!
You feel yourself moving faster!
You feel mighty! The wight hits you with a +5 hand axe.
You die...

##......##
##..#
##..####
#### #.##
#.# #. #.#
.. #.# ..
#.## )#
##z#)#
#@z.#
#####


You could see 2 wights.

Vanquished Creatures
  A sky beast (D:6)
  3 ogres
  A bullfrog (D:6)
  3 scorpions
  2 gnoll sergeants (D:5)
  3 wights (D:6)
  2 howler monkeys
  A jelly (D:4)
  An orc priest (D:5)
  An iguana (D:4)
  Ijyb (D:4)
  An orc wizard (D:5)
  17 gnolls
  6 adders
  A white imp (D:5)
  2 worms
  7 dart slugs
  5 orcs
  9 ball pythons
  8 endoplasms
  7 giant cockroaches
  5 goblins
  8 hobgoblins
  3 jackals (D:2)
  2 kobolds
  7 quokkas
  3 bats
  3 frilled lizards
  6 rats
119 creatures vanquished.

Notes
Turn   | Place    | Note
-------+----------+-------------------------------------------
     0 | D:1      | spardeous the Demigod Conjurer began the quest for the Orb.
     0 | D:1      | Reached XP level 1. HP: 14/14 MP: 5/5
   291 | D:1      | Reached XP level 2. HP: 20/20 MP: 3/7
   571 | D:1      | Reached skill level 4 in Conjurations
  1279 | D:2      | Reached XP level 3. HP: 26/26 MP: 4/9
  1282 | D:2      | Learned a level 2 spell: Searing Ray
  2643 | D:3      | Reached XP level 4. HP: 29/33 MP: 6/11
  2755 | D:3      | Learned a level 4 spell: Iskenderun's Mystic Blast
  3199 | D:3      | Noticed an ogre
  3206 | D:3      | Killed an ogre
  3207 | D:3      | Reached skill level 5 in Conjurations
  3207 | D:3      | Reached XP level 5. HP: 22/38 MP: 4/13
  3583 | D:4      | Noticed Ijyb
  3591 | D:4      | Killed Ijyb
  3773 | D:4      | Found a transporter.
  3773 | D:4      | Noticed turdburglar's ghost (amateur DsNe)
  3777 | D:4      | Found a transporter.
  4114 | D:4      | Reached XP level 6. HP: 45/45 MP: 7/15
  4666 | D:5      | Entered Level 5 of the Dungeon
  4712 | D:5      | Reached skill level 6 in Conjurations
  4983 | D:5      | Reached XP level 7. HP: 50/50 MP: 11/17
  5173 | D:5      | Reached skill level 5 in Spellcasting
  6216 | D:6      | Reached skill level 7 in Conjurations
  6723 | D:6      | Reached XP level 8. HP: 57/57 MP: 16/20
  7258 | D:6      | Slain by a wight

Illustrated notes

Levels and vault maps discovered:
D:1:      matt_arrival_los_fun, layout_basic
D:2:      layout_basic, kennysheep_generic_room_4
D:3:      layout_basic
D:4:      layout_loops_cross, marbit_many_paths, gammafunk_ghost_arena,
          uniq_ijyb
D:5:      layout_loops_ring, lemuel_coloured_pillars_altar,
          mainiacjoe_overflow_alcove_4, nicolae_qazlal_general_emergency,
          overflow_temple_1_default, minmay_misc_feat_plants, minmay_door_square
D:6:      layout_layer_cave, minmay_misc_feat_roman

Skill      XL: |  1  2  3  4  5  6  7 |
---------------+----------------------+-----
Spellcasting   | 2 3 4 6 |  6.3
Conjurations   | 4 5 6 7 |  7.7
Dodging        | |  1.7
Stealth        | |  1.7

Action                     |  1- 3 |  4- 6 |  7- 9 || total
---------------------------+-------+-------+-------++-------
   Cast: Magic Dart        |   101 |    76 |    69 ||   246
         Searing Ray       |       |    11 |    12 ||    23
    Use: Potion            |       |       |     5 ||     5
 Armour: Leather armour    |       |     1 |       ||     1
  Dodge: Dodged            |     6 |    12 |    16 ||    34
